 Dungeon Crawl Stone Soup version 0.31-a0-233-g139696dc86 (webtiles) character file.

Game seed: 18136508934254885317

106 qw the Shooter (level 4, -2/26 HPs)
             Began as a Gargoyle Hexslinger on July 8, 2023.
             Slain by a gnoll
             ... wielding a +0 spear
              (6 damage)
             ... on level 4 of the Dungeon.
             The game lasted 00:00:44 (2400 turns).

qw the Shooter (Gargoyle Hexslinger)                Turns: 2400, Time: 00:00:45

Health: -2/26      AC:  9    Str: 12    XL:     4   Next: 84%
Magic:  5/5        EV: 10    Int: 13    God:
Gold:   158        SH:  0    Dex: 14    Spells: 4/5 levels left

rFire   . . .        Y - +1 sling (heavy)
rCold   . . .        (no shield)
rNeg    + . .        e - +0 ring mail
rPois   inf          (no helmet)
rElec   +            (no cloak)
rCorr   .            c - +0 pair of gloves
SInv    .            (no boots)
Will    .....        (no amulet)
Stlth   +            (no ring)
HPRegen 0.24/turn    (no ring)
MPRegen 0.09/turn

%: no passive effects
@: no status effects
A: sickness immunity, AC +3, negative energy resistance 1, electricity
resistance, torment resistance 1, petrification resistance
a: no special abilities


You were on level 4 of the Dungeon.
You visited 1 branch of the dungeon, and saw 4 of its levels.

You collected 158 gold pieces.


Innate Abilities, Weirdness & Mutations

You are immune to sickness and miasma.
Your stone body is resilient. (AC +3)
You are immune to poison.
You resist negative energy. (rN+)
You are resistant to electric shocks. (rElec)
You are resistant to unholy torment.
You are immune to petrification.


   Skills:
 - Level 2.0 Fighting
 + Level 4.4 Ranged Weapons
 - Level 1.0 Armour
 - Level 1.5 Dodging
 - Level 1.0 Spellcasting
 - Level 2.6 Hexes


You had 4 spell levels left.
You knew the following spells:

 Your Spells              Type           Power      Damage    Failure   Level
a - Slow                  Hex            28%        N/A       22%         1

Your spell library contained the following spells:

 Spells                   Type           Power      Damage    Failure   Level
 Inner Flame              Hex/Fire       4%         N/A       73%         3
 Portal Projectile        Hex/Tloc       8%         N/A       73%         3
 Cause Fear               Hex            3%         N/A       91%         4

Inventory:

Hand Weapons
 Y - a +1 heavy sling (weapon)
Armour
 c - a +0 pair of gloves (worn)
 e - a +0 ring mail (worn)
Scrolls
 h - a scroll of identify
Potions
 b - a potion of curing

Dungeon Overview and Level Annotations

Branches:
Dungeon (4/15)
 Temple: D:4-7

Altars:


Message History

Pain shoots through your body!
You shoot a sling bullet.
The sling bullet barely misses the shadow imp.
The gnoll shouts!
The sling bullet hits the gnoll.
The gnoll is lightly wounded.
You shoot a sling bullet.
The sling bullet closely misses the shadow imp.
The sling bullet barely misses the gnoll.
The shadow imp hits you but does no damage.
You shoot a sling bullet.
The sling bullet completely misses the shadow imp.
The sling bullet hits the gnoll!
The gnoll is almost dead.
The gnoll hits you but does no damage. The gnoll closely misses you.
The shadow imp hits you. The gnoll barely misses you. x2
The shadow imp laughs crazily.
The shadow imp closely misses you. The gnoll hits you with a +0 whip.
You shoot a sling bullet.
The sling bullet closely misses the shadow imp.
The sling bullet closely misses the gnoll.
The gnoll barely misses you. The gnoll hits you with a +0 whip.
The gnoll barely misses you. The shadow imp closely misses you.
The gnoll hits you from afar with a +0 spear.
The shadow imp hits you. The gnoll closely misses you.
The gnoll hits you but does no damage.
You shoot a sling bullet. The sling bullet hits the shadow imp.
The shadow imp is almost dead.
The gnoll hits you from afar with a +0 spear.
The gnoll hits you but does no damage. The gnoll hits you with a +0 whip.
The shadow imp closely misses you.
You shoot a sling bullet.
The sling bullet closely misses the shadow imp.
The sling bullet closely misses the gnoll.
The gnoll hits you but does no damage.
The gnoll hits you from afar with a +0 spear.
The gnoll hits you but does no damage.
The shadow imp hits you but does no damage.
The gnoll hits you from afar with a +0 spear.
You die...

####.....# #........#
###############........#
.........##.............
..........'............#
.........##....#######.#
.........##....# .#
......g..##....# #
.....g5@.##....# ...
###..g.........# ..[
#............# ...
#..........### ....
#..........# #..
#..........# #..
############ #.. #.. #..


You could see 3 gnolls and a shadow imp.

Vanquished Creatures
  An iguana (D:4)
  2 adders
  2 worms (D:3)
  2 dart slugs
  12 bats
  3 endoplasms
  4 giant cockroaches
  4 goblins
  3 hobgoblins
  6 kobolds
  4 quokkas
  4 ball pythons
  3 rats
50 creatures vanquished.

Notes
Turn   | Place    | Note
-------+----------+-------------------------------------------
     0 | D:1      | qw the Gargoyle Hexslinger began the quest for the Orb.
     0 | D:1      | Reached XP level 1. HP: 12/12 MP: 2/2
     0 | D:1      | 0 ||| qw: Version: 0.3-a-46-gb1f654a
     0 | D:1      | 0 ||| qw: Game counter: 3712
     0 | D:1      | 0 ||| qw: Melee chars always use a shield: true
     0 | D:1      | 0 ||| qw: God list: Okawaru
     0 | D:1      | 0 ||| qw: Allow faded altars: false
     0 | D:1      | 0 ||| qw: Do Orc after clearing Dungeon:15 true
     0 | D:1      | 0 ||| qw: Do second Lair branch before Depths: true
     0 | D:1      | 0 ||| qw: Lair rune preference: random
     0 | D:1      | 0 ||| qw: Goals: Normal
     0 | D:1      | 0 ||| PLANNING D:1-11
    32 | D:1      | Reached XP level 2. HP: 16/16 MP: 3/3
   144 | D:1      | Reached skill level 3 in Ranged Weapons
   380 | D:1      | Reached XP level 3. HP: 21/21 MP: 4/4
   585 | D:1      | 585 ||| UPGRADING to +0 leather armour.
   595 | D:1      | 595 ||| DROPPING +0 robe.
   596 | D:1      | 596 ||| UPGRADING to +0 ring mail.
   606 | D:1      | 606 ||| DROPPING +0 leather armour.
   607 | D:1      | 607 ||| READING scroll labelled LOCETASMITS.
   608 | D:1      | 608 ||| READING scroll labelled ZUC DAC AK VOU.
   609 | D:1      | 609 ||| READING 2 scrolls labelled ESCHAUG IJUCKA.
   610 | D:1      | 610 ||| READING 3 scrolls labelled CUMEPP QESEUWO.
   611 | D:1      | 611 ||| READING scroll labelled OPOIMN WUELL.
   612 | D:1      | 612 ||| DROPPING scroll of poison.
   613 | D:1      | 613 ||| DROPPING 2 scrolls of blinking.
  1144 | D:2      | Found a faded altar of an unknown god.
  1485 | D:2      | 1485 ||| UPGRADING to +0 pair of gloves.
  1490 | D:2      | 1490 ||| READING scroll labelled NONI ECHUSCHEZA.
  1491 | D:2      | 1491 ||| READING 2 scrolls of identify.
  1491 | D:2      | 1491 ||| IDENTIFYING lumpy grey potion
  1598 | D:3      | Reached XP level 4. HP: 26/26 MP: 5/5
  1822 | D:3      | Reached skill level 1 in Armour
  2261 | D:4      | Reached skill level 4 in Ranged Weapons
  2399 | D:4      | HP: 4/26 [gnoll/+0 whip (5)]
  2400 | D:4      | Slain by a gnoll

Levels and vault maps discovered:
D:1:      onia_arrival_pyramid, layout_basic, minmay_pentomino_t4
D:2:      layout_basic, hellmonk_ecumenical_altar_zigzags
D:3:      layout_loops_ring
D:4:      layout_basic, grunt_dithmenos_smoke, lemuel_doored_altar

Skill      XL: |  1  2  3  4 |
---------------+-------------+-----
Ranged Weapons | 3 4 |  4.4
Fighting       | 2 |  2.0
Armour         | 1 |  1.0
Dodging        | |  1.5
Spellcasting   | |  1.0
Hexes          | |  2.6

Action                     |  1- 3 |  4- 6 || total
---------------------------+-------+-------++-------
   Fire: Sling             |    92 |    60 ||   152
    Use: Scroll            |     7 |       ||     7
 Armour: Robe              |     2 |       ||     2
         Ring mail         |    11 |    27 ||    38
  Dodge: Dodged            |    40 |    30 ||    70

Table legend:
 A = Non-vault XP
 B = Vault XP
 C = Vault XP percentage of total XP
 D = Non-vault monster count
 E = Vault monster count
 F = Vault count percentage of total count
                 A         B        C        D         E       F
            +---------+---------+-------+---------+---------+-------
      Total |     144 |       8 |   5.3 |      46 |       4 |   8.0
            +---------+---------+-------+---------+---------+-------
        D:1 |      32 |       8 |  20.0 |      19 |       4 |  17.4
        D:2 |      34 |       0 |   0.0 |      11 |       0 |   0.0
        D:3 |      35 |       0 |   0.0 |      11 |       0 |   0.0
        D:4 |      43 |       0 |   0.0 |       5 |       0 |   0.0
            +---------+---------+-------+---------+---------+-------
